 Dungeon Crawl Stone Soup version 0.31-a0-1424-g2add1c7226 (webtiles) character file.

Game seed: 2577173066969339081

6 porpoise the Shooter (level 1, -2/18 HPs)
             Began as a Minotaur Hunter on Dec 27, 2023.
             Slain by a gnoll
             ... wielding a +0 flail
              (8 damage)
             ... on level 1 of the Dungeon.
             The game lasted 00:02:01 (161 turns).

porpoise the Shooter (Minotaur Hunter)               Turns: 161, Time: 00:02:02

Health: -2/18      AC:  5    Str: 15    XL:     1   Next: 75%
Magic:  0/0        EV: 11    Int:  6    God:
Gold:   18         SH:  0    Dex: 13    Spells: 0/0 levels left

rFire   . . .        b - +0 hand axe
rCold   . . .        (no shield)
rNeg    . . .        e - +0 ring mail
rPois   .            (helmet restricted)
rElec   .            (no cloak)
rCorr   .            (no gloves)
SInv    .            (no boots)
Will    .....        (no amulet)
Stlth   +            (no ring)
HPRegen 0.23/turn    (no ring)
MPRegen 0.07/turn

%: no passive effects
@: no status effects
A: horns 2, retaliatory headbutt
a: no special abilities


You were on level 1 of the Dungeon.
You visited 1 branch of the dungeon, and saw 1 of its levels.

You collected 18 gold pieces.

Inventory:

Hand Weapons
 a - a +0 shortbow
 b - a +0 hand axe (weapon)
Armour
 e - a +0 ring mail (worn)
Scrolls
 c - a scroll of noise {unknown}
 d - a scroll of butterflies


   Skills:
 + Level 2.6 Fighting
 + Level 0.7 Axes
 * Level 4.5 Ranged Weapons
 - Level 0.1 Armour
 - Level 2.1 Dodging
 - Level 0.7 Stealth


You couldn't memorise any spells.
You didn't know any spells.
Your spell library was empty.

Dungeon Overview and Level Annotations

Branches:
Dungeon (1/15)

Altars:


Innate Abilities, Weirdness & Mutations

You have a pair of horns on your head.
You reflexively headbutt those who attack you in melee.


Message History

You closely miss the hobgoblin.
The hobgoblin is heavily wounded.
You hit the kobold. The kobold hits you with a +0 club.
The hobgoblin closely misses you.
You barely miss the hobgoblin.
The hobgoblin is heavily wounded.
You miss the kobold. The kobold hits you with a +0 club.
The hobgoblin hits you but does no damage.
The dart slug launches a dart at you.
The slug dart hits you but does no damage.
The hobgoblin closely misses you. You furiously retaliate!
You headbutt the hobgoblin, but do no damage.
The kobold barely misses you.
You closely miss the hobgoblin.
The hobgoblin is heavily wounded.
You closely miss the kobold. The kobold hits you but does no damage.
The dart slug launches a dart at you. The slug dart misses you.
The slug dart hits the hobgoblin.
The hobgoblin dies!
You hit the kobold but do no damage. Your headbutt misses the kobold.
The kobold is heavily wounded.
You hit the frilled lizard.
You kill the frilled lizard!
The kobold barely misses you. You furiously retaliate!
You headbutt the kobold!
You kill the kobold!
The dart slug launches a dart at you. The slug dart misses you.
You barely miss the gnoll. Your headbutt misses the gnoll.
The gnoll closely misses you. The dart slug launches a dart at you.
The slug dart misses you. The gnoll hits you with a +0 flail.
You closely miss the gnoll. The gnoll hits you with a +0 flail.
The dart slug launches a dart at you. The slug dart hits you.
* * * LOW HITPOINT WARNING * * *
You are too injured to fight recklessly!
You hit the gnoll. You headbutt the gnoll.
The gnoll is moderately wounded.
The gnoll hits you with a +0 flail!
You die...

#..#.........#..#
#####.######## .
#.##.# #. #....#
#.#####.# #..##
#.#
.###...##.#####
......††......#
.#.#.#@#......#
......g.)........
#.#=#.#.#.......#
.............#
#.# #.#..w....#
... ..........#
### .........#
.!. ...#


You could see a gnoll and a dart slug.

Vanquished Creatures
  A goblin (D:1)
  2 kobolds (D:1)
  A frilled lizard (D:1)
  A rat (D:1)
5 creatures vanquished.

Vanquished Creatures (others)
  A hobgoblin (D:1)
1 creature vanquished.

Grand Total: 6 creatures vanquished

Notes
Turn   | Place    | Note
-------+----------+-------------------------------------------
     0 | D:1      | porpoise the Minotaur Hunter began the quest for the Orb.
     0 | D:1      | Reached XP level 1. HP: 18/18 MP: 0/0
   161 | D:1      | Slain by a gnoll

Illustrated notes

Levels and vault maps discovered:
D:1:      matt_arrival_grand_opening, layout_rooms, st_stairs_13

Action                     || total
---------------------------++-------
  Melee: Hand axe          ||    14
         Headbutt          ||     2
 Armour: Ring mail         ||    14
         Leather armour    ||     2
  Dodge: Dodged            ||    14

Table legend: (Time is in decaauts)
 A = Elapsed time spent in this place.
 B = Non-inter-level travel time spent in this place.
 C = Inter-level travel time spent in this place.
 D = Time resting spent in this place.
 E = Time spent auto-exploring this place.
 F = Levels seen in this place.
 G = Mean time per level.
                   A        B        C        D        E       F      G
               +--------+--------+--------+--------+--------+-----+--------+
         Total |    164 |    164 |      0 |      0 |    105 |   1 |  164.0 |
       Dungeon |    164 |    164 |      0 |      0 |    105 |   1 |  164.0 |
               +--------+--------+--------+--------+--------+-----+--------+

Top non-repeatable levels by time:
     D:1: 164 daAuts
